 Dungeon Crawl Stone Soup version 0.27.1 (webtiles) character file.

Game seed: 15545549077128659624

345 chaosape the Sneak (level 6, -8/47 HPs)
             Began as a Gnoll Wanderer on Aug 25, 2021.
             Was a Follower of Qazlal.
             Mangled by Crazy Yiuf (11 damage)
             ... on level 3 of the Dungeon.
             The game lasted 00:20:59 (4505 turns).

chaosape the Sneak (Gnoll Wanderer)                 Turns: 4505, Time: 00:21:00

Health: -8/47      AC:  6    Str: 10 (13) XL:     6   Next: 58%
Magic:  14/14      EV:  8    Int:  9 (12) God:    Qazlal [*.....]
Gold:   109        SH:  2    Dex: 10 (11) Spells: 14/15 levels left

rFire    . . .     SeeInvis .   y - +2 hand axe (vamp)
rCold    . . .     Faith    .   (no shield)
rNeg     . . .     Spirit   .   B - +0 scale mail
rPois    .         Reflect  .   (no helmet)
rElec    .         Harm     .   (no cloak)
rCorr    .         Rampage  .   (no gloves)
Will     .....                  (no boots)
Stlth    ++........             (no amulet)
HPRegen  0.15/turn              (no ring)
MPRegen  0.14/turn              (no ring)

@: attractive
A: fangs 1, strong nose, distributed training
a: Renounce Religion


You were on level 3 of the Dungeon.
You worshipped Qazlal.
Qazlal was aware of your devotion.
You visited 1 branch of the dungeon, and saw 3 of its levels.

You collected 109 gold pieces.

Inventory:

Hand Weapons
 a - a +2 dagger
 j - a +0 hunting sling
 l - a +0 hand axe
 m - a +0 morningstar
 q - a +3 short sword
 u - a +0 spear
 y - a +2 vampiric hand axe (weapon)
 z - a +0 mace
Missiles
 p - 12 arrows
 s - 16 bolts
Armour
 d - a +0 robe
 e - a +0 ring mail
 g - a +0 chain mail
 v - a +0 leather armour
 B - a +0 scale mail (worn)
Wands
 A - a wand of digging (4)
Scrolls
 c - 2 scrolls of teleportation
 f - 2 scrolls of identify {unknown}
 i - a scroll of immolation {unknown}
 k - a scroll of summoning {unknown}
 o - a scroll of enchant weapon {unknown}
 r - a scroll of amnesia {unknown}
 w - a scroll of enchant armour {unknown}
Potions
 n - a potion of flight {unknown}
 t - a potion of mutation {unknown}
 x - a potion of curing {unknown}


   Skills:
 + Level 3.3 Fighting
 + Level 2.0 Short Blades
 + Level 3.3 Long Blades
 + Level 2.0 Axes
 + Level 2.0 Maces & Flails
 + Level 2.0 Polearms
 + Level 2.0 Staves
 + Level 2.0 Slings
 + Level 2.0 Bows
 + Level 2.0 Crossbows
 + Level 2.0 Throwing
 + Level 2.0 Armour
 + Level 2.0 Dodging
 + Level 6.3 Stealth
 + Level 2.0 Shields
 + Level 2.0 Unarmed Combat
 + Level 5.4 Spellcasting
 + Level 1.6 Conjurations
 + Level 1.6 Hexes
 + Level 1.6 Summonings
 + Level 1.6 Necromancy
 + Level 1.6 Translocations
 + Level 1.6 Transmutations
 + Level 5.7 Fire Magic
 + Level 1.6 Ice Magic
 + Level 1.6 Air Magic
 + Level 1.6 Earth Magic
 + Level 1.6 Poison Magic
 + Level 2.2 Invocations
 + Level 2.0 Evocations


You had 14 spell levels left.
You knew the following spells:

 Your Spells              Type           Power      Damage    Failure   Level
a - Summon Small Mammal   Summ           20%        N/A       63%         1

Your spell library contained the following spells:

 Spells                   Type           Power      Damage    Failure   Level
 Magic Dart               Conj           20%        1d4       63%         1
 Call Imp                 Summ           5%         N/A       77%         2
 Call Canine Familiar     Summ           5%         N/A       94%         3
 Mephitic Cloud           Conj/Pois/Air  5%         N/A       94%         3


Dungeon Overview and Level Annotations

Branches:
Dungeon (3/15)

Altars:
Qazlal

Shops:
D:1 !(*   D:2 *

Annotations:
D:3 Crazy Yiuf


Innate Abilities, Weirdness & Mutations

You have very sharp teeth.
Your uncanny sense of smell can sniff out nearby items.
Your experience applies equally to all skills.


Message History

You kill the ball python!
Qazlal accepts your kill.
You start resting.
HP restored.
Found a scale mail.
You see here a +0 scale mail.
You see here a +0 scale mail.
You see here a +0 scale mail.
B - a +0 scale mail You start removing your armour.
You continue taking off your +0 chain mail. x4
You finish taking off your +0 chain mail.
You start putting on your armour.
You continue putting on your +0 scale mail. x5
You finish putting on your +0 scale mail.
You open the door.
Crazy Yiuf shouts!
Your scale mail prevents you from hitting Crazy Yiuf.
Crazy Yiuf cries, "Paint bush sanguine!"
Crazy Yiuf hits you with a +2 quarterstaff of chaos.
You hit Crazy Yiuf.
You feel better.
Crazy Yiuf is moderately wounded.
Crazy Yiuf hits you with a +2 quarterstaff of chaos.
You are confused.
You bump into the tree.
Crazy Yiuf hits you with a +2 quarterstaff of chaos!
You are electrocuted!!
* * * LOW HITPOINT WARNING * * *
It was a potion of degeneration.
There was something very wrong with that liquid.
You feel weakened.
You feel dopey.
You feel clumsy.
You feel less confused.
Crazy Yiuf hits you with a +2 quarterstaff of chaos!
* * * LOW HITPOINT WARNING * * *
Crazy Yiuf freezes you.
* * * LOW HITPOINT WARNING * * *
It was a potion of attraction.
You feel attractive to monsters.
Crazy Yiuf hits you with a +2 quarterstaff of chaos!
You die...

..# #...# ##..##
#...........
#.######...# #....#
#...........
.>.........# ♣....♣
#...........
####.###...# ♣...♣♣
#........÷.. .....#
#...# ♣♣.♣♣
#........... ######
#...# ♣.♣♣
#...........
....####...# ♣♣.♣
#...........
.....†..#### ♣.♣♣
#...........
........# ♣♣@♣
#...........
........# #g#
#...........
........# .))
#........###
........# #...#
#........# ........#
#).)# ##########
........# #####
........#
........######## ###
...............###.#


You could see Crazy Yiuf.

Vanquished Creatures
  Grinder (D:3)
  Natasha (thrice) (D:3)
  3 adders
  A worm (D:3)
  2 dart slugs
  An orc (D:3)
  7 bats
  2 endoplasms
  5 giant cockroaches
  2 goblins
  4 hobgoblins
  3 kobolds
  A quokka (D:2)
  4 ball pythons
  A frilled lizard (D:3)
  4 rats
44 creatures vanquished.

Vanquished Creatures (others)
  43 plants
43 creatures vanquished.

Grand Total: 87 creatures vanquished

Notes
Turn   | Place    | Note
-------+----------+-------------------------------------------
     0 | D:1      | chaosape the Gnoll Wanderer began the quest for the Orb.
     0 | D:1      | chaosape set off with the following items: a +2 dagger, a
                  | potion of berserk rage, a scroll of teleportation, a +0
                  | robe; and the following spell memorised: Summon Small
                  | Mammal; and the following spells available to memorise:
                  | Call Canine Familiar
     0 | D:1      | Reached XP level 1. HP: 17/17 MP: 6/6
   454 | D:1      | Reached XP level 2. HP: 21/23 MP: 7/7
   485 | D:1      | Found Nypulosa's Distillery.
   527 | D:1      | Found Zeod's General Store.
   614 | D:1      | Found Pelamyxa's Antique Weapon Shoppe.
  1245 | D:2      | Reached XP level 3. HP: 12/28 MP: 9/9
  1462 | D:2      | Reached skill level 5 in Spellcasting
  1686 | D:2      | Reached skill level 6 in Stealth
  1708 | D:2      | Found Tiuzak's General Store.
  1717 | D:2      | Found a faded altar of an unknown god.
  1744 | D:2      | Became a worshipper of Qazlal Stormbringer
  1744 | D:2      | Reached * piety under Qazlal
  2021 | D:2      | Reached skill level 1 in Invocations
  2837 | D:3      | Reached skill level 1 in Short Blades
  2837 | D:3      | Reached skill level 1 in Axes
  2837 | D:3      | Reached skill level 1 in Maces & Flails
  2837 | D:3      | Reached skill level 1 in Polearms
  2837 | D:3      | Reached skill level 1 in Staves
  2837 | D:3      | Reached skill level 1 in Slings
  2837 | D:3      | Reached skill level 1 in Bows
  2837 | D:3      | Reached skill level 1 in Crossbows
  2837 | D:3      | Reached skill level 1 in Throwing
  2837 | D:3      | Reached skill level 1 in Armour
  2837 | D:3      | Reached skill level 1 in Dodging
  2837 | D:3      | Reached skill level 1 in Shields
  2837 | D:3      | Reached skill level 1 in Unarmed Combat
  2837 | D:3      | Reached skill level 1 in Evocations
  3077 | D:3      | Noticed Natasha
  3097 | D:3      | Killed Natasha
  3098 | D:3      | Reached XP level 4. HP: 24/34 MP: 11/11
  3148 | D:3      | Reached skill level 1 in Conjurations
  3148 | D:3      | Reached skill level 1 in Hexes
  3148 | D:3      | Reached skill level 1 in Summonings
  3148 | D:3      | Reached skill level 1 in Necromancy
  3148 | D:3      | Reached skill level 1 in Translocations
  3148 | D:3      | Reached skill level 1 in Transmutations
  3148 | D:3      | Reached skill level 1 in Ice Magic
  3148 | D:3      | Reached skill level 1 in Air Magic
  3148 | D:3      | Reached skill level 1 in Earth Magic
  3148 | D:3      | Reached skill level 1 in Poison Magic
  3431 | D:3      | Noticed Grinder
  3444 | D:3      | Paralysed by Grinder for 3 turns
  3474 | D:3      | Paralysed by Grinder for 6 turns
  3489 | D:3      | Killed Grinder
  3490 | D:3      | Reached XP level 5. HP: 8/41 MP: 12/12
  3490 | D:3      | Reached XP level 6. HP: 9/47 MP: 14/14
  3838 | D:3      | Found a runed translucent door.
  3839 | D:3      | Noticed Crazy Yiuf
  3959 | D:3      | Noticed Natasha
  3981 | D:3      | Killed Natasha
  4219 | D:3      | Noticed Natasha
  4239 | D:3      | Killed Natasha
  4505 | D:3      | Mangled by Crazy Yiuf

Illustrated notes

Levels and vault maps discovered:
D:1:      ncdulo_lavacross, layout_basic, serial_shops, shop,
          nicolae_diamond_shop, shop, minmay_misc_feat_five,
          hangedman_decor_points, minmay_misc_feat_four_crosses,
          minmay_shallow_snake_nest
D:2:      layout_basic, hellmonk_ecumenical_altar_crossroads, serial_shops,
          shop, minivault_27
D:3:      layout_basic, serial_bayou_lagoon_a, uniq_crazy_yiuf_cottage,
          uniq_natasha, uniq_grinder

Skill      XL: |  1  2  3  4  5  6 |
---------------+-------------------+-----
Spellcasting   | 5 |  5.4
Stealth        | 6 |  6.3
Invocations    | 1 2 |  2.2
Short Blades   | 1 2 |  2.0
Axes           | 1 2 |  2.0
Maces & Flails | 1 2 |  2.0
Polearms       | 1 2 |  2.0
Staves         | 1 2 |  2.0
Slings         | 1 2 |  2.0
Bows           | 1 2 |  2.0
Crossbows      | 1 2 |  2.0
Throwing       | 1 2 |  2.0
Armour         | 1 2 |  2.0
Dodging        | 1 2 |  2.0
Shields        | 1 2 |  2.0
Unarmed Combat | 1 2 |  2.0
Evocations     | 1 2 |  2.0
Conjurations   | 1 |  1.6
Hexes          | 1 |  1.6
Summonings     | 1 |  1.6
Necromancy     | 1 |  1.6
Translocations | 1 |  1.6
Transmutations | 1 |  1.6
Ice Magic      | 1 |  1.6
Air Magic      | 1 |  1.6
Earth Magic    | 1 |  1.6
Poison Magic   | 1 |  1.6
Fighting       | 3 |  3.3
Long Blades    | 3 |  3.3
Fire Magic     | |  5.7

Action                   |  1- 3 |  4- 6 || total
-------------------------+-------+-------++-------
Melee: Dagger            |   122 |       ||   122
       Bite              |     8 |     4 ||    12
       Short sword       |    17 |    31 ||    48
       Hand axe          |       |    41 ||    41
  Use: Potion            |       |     3 ||     3
Armor: Chain mail        |   114 |    38 ||   152
       Ring mail         |     1 |       ||     1
Dodge: Dodged            |    37 |    16 ||    53
Block: Other             |       |     3 ||     3
